 Dungeon Crawl Stone Soup version 0.27-a0-780-geb8d7bc690 (webtiles) character file.

Game seed: 2095533005626296687

7 EnegeticOcto the Insei (level 2, -4/23 HPs)
             Began as a Djinni Warper on Mar 26, 2021.
             Was an Initiate of Okawaru.
             Slain by a quokka (5 damage)
             ... on level 2 of the Dungeon.
             The game lasted 00:00:58 (183 turns).

EnegeticOcto the Insei (Djinni Warper)               Turns: 183, Time: 00:00:59

Health: -4/23      AC:  3    Str: 10    XL:     2   Next: 4%
Gold:   13         EV: 11    Int: 14    God:    Okawaru [......] SH:  0 Dex: 12

rFire    + + .     SeeInvis .     - Unarmed
rCold    x . .     Faith    .   (no shield)
rNeg     . . .     Spirit   .   a - +0 leather armour
rPois    ∞         Reflect  .   (no helmet)
rElec    .         Harm     .   (no cloak)
rCorr    .         Rampage  .   (no gloves)
Will     .....                  (boots unavailable)
Stlth    +.........             (no amulet)
HPRegen  0.07/turn              (no ring)
MPRegen  0.00/turn              (no ring)

@: flying
A: fire resistance 2, cold vulnerability 1, float, innate caster, hp casting,
extra vitality 1
a: Renounce Religion


You were on level 2 of the Dungeon.
You worshipped Okawaru.
Okawaru was noncommittal.
You visited 1 branch of the dungeon, and saw 2 of its levels.

You collected 13 gold pieces.

Inventory:

Missiles
 d - 5 boomerangs of dispersal (quivered)
 f - 26 stones
Armour
 a - a +0 leather armour (worn)
Wands
 g - a wand of charming (4)
   (You found it on level 2 of the Dungeon)
Scrolls
 b - a scroll of identify {unknown}
 c - a scroll of blinking {@r4}
Potions
 e - a potion of heal wounds {unknown}


   Skills:
 - Level 2.0 Fighting
 - Level 0.7 Throwing
 - Level 1.0 Armour
 - Level 2.1 Dodging
 + Level 2.7 Unarmed Combat
 - Level 2.6 Spellcasting


You couldn't memorise any spells.
You knew the following spells:

 Your Spells              Type           Power      Damage    Failure   Level
a - Lesser Beckoning      Tloc           4%         N/A       30%         3
b - Gell's Gravitas       Tloc           4%         N/A       30%         3
c - Teleport Other        Tloc           9%         N/A       30%         3
d - Manifold Assault      Tloc           9%         N/A       95%         5
Y - Blink                 Tloc           N/A        N/A       16%         2
Your spell library was empty.

Dungeon Overview and Level Annotations

Branches:
Dungeon (2/15)

Altars:
Okawaru


Innate Abilities, Weirdness & Mutations

You are immune to poison.
Your flesh is very heat resistant. (rF++)
You are vulnerable to cold. (rC-)
You float through the air rather than walking.
You learn spells naturally, not from books.
Your magical power is your life essence.
You have superior vitality. (+4 HP)


Message History

The giant cockroach bites you but does no damage.
You hit the giant cockroach but do no damage.
The giant cockroach is severely wounded.
The giant cockroach bites you but does no damage.
The giant cockroach barely misses you.
You hit the giant cockroach but do no damage.
The giant cockroach is severely wounded.
The giant cockroach bites you.
You closely miss the giant cockroach.
The giant cockroach is severely wounded.
The giant cockroach bites you but does no damage.
You barely miss the giant cockroach.
The giant cockroach is severely wounded.
The giant cockroach completely misses you.
You closely miss the giant cockroach.
The giant cockroach is severely wounded.
The giant cockroach bites you.
You hit the giant cockroach but do no damage.
The giant cockroach is severely wounded.
The giant cockroach bites you but does no damage.
You hit the giant cockroach.
The giant cockroach is almost dead.
The giant cockroach barely misses you.
You barely miss the giant cockroach.
The giant cockroach is almost dead.
The giant cockroach barely misses you. The giant cockroach closely misses you.
You hit the giant cockroach but do no damage.
The giant cockroach is almost dead.
The giant cockroach closely misses you.
You barely miss the giant cockroach.
The giant cockroach is almost dead.
The giant cockroach closely misses you.
You barely miss the giant cockroach.
The giant cockroach is almost dead.
The giant cockroach barely misses you.
You hit the giant cockroach but do no damage.
The giant cockroach is almost dead.
The giant cockroach bites you but does no damage.
You barely miss the giant cockroach.
The giant cockroach is almost dead.
The giant cockroach bites you.
You hit the giant cockroach but do no damage.
The giant cockroach is almost dead.
The giant cockroach closely misses you.
You hit the giant cockroach but do no damage.
The giant cockroach is almost dead.
The giant cockroach bites you but does no damage.
You hit the giant cockroach.
You kill the giant cockroach!
You see here a giant cockroach corpse.
A hobgoblin comes into view.
The hobgoblin shouts!
You hit the hobgoblin but do no damage.
The hobgoblin hits you but does no damage.
You closely miss the hobgoblin.
The hobgoblin hits you but does no damage.
You hit the hobgoblin.
The hobgoblin is heavily wounded.
The hobgoblin closely misses you.
You hit the hobgoblin.
You kill the hobgoblin!
You have reached level 2!
Found a stone staircase leading down.
There is a stone staircase leading down here.
You fly downwards.
Found 26 stones.
There is a stone staircase leading up here.
You see here 26 stones.
f - 26 stones
Found an iron altar of Okawaru.
Found a sharpened fluorescent wand.
There is an iron altar of Okawaru here.
You hover solemnly before the altar of Okawaru.
Okawaru welcomes you!
g - a wand of charming (4)
Found an escape hatch in the floor.
Found 18 stones.
A rat and a quokka come into view.
A hobgoblin comes into view. It is wielding a +0 dagger.
The hobgoblin shouts!
A ball python comes into view.
The ball python hisses angrily.
You hit the hobgoblin.
The hobgoblin is moderately wounded.
The hobgoblin hits you with a +0 dagger.
You completely miss the hobgoblin.
The hobgoblin is moderately wounded.
The hobgoblin hits you with a +0 dagger.
* * * LOW HITPOINT WARNING * * *
The rat bites you.
* * * LOW HITPOINT WARNING * * *
The quokka closely misses you. The hobgoblin barely misses you.
The quokka bites you but does no damage.
The quokka closely misses you.
You closely miss the quokka. The quokka bites you.
* * * LOW HITPOINT WARNING * * *
You hit the quokka.
The quokka is severely wounded.
The quokka bites you.
You die...

..................#
..................#
..................#
...............>..#
..................#
..................#
.............Srg..#####
......#######r##.......
..... ####@##.......
... ###.............
###......#........
........#.#.......
.##....#._.#......
####..#.#...##
#...#...## #.......#
##.#.#.##


You could see a quokka, a hobgoblin, a ball python and a rat.

Vanquished Creatures
  2 bats (D:1)
  A giant cockroach (D:1)
  A hobgoblin (D:1)
  A quokka (D:1)
  A frilled lizard (D:1)
  A rat (D:1)
7 creatures vanquished.

Notes
Turn   | Place    | Note
-------+----------+-------------------------------------------
     0 | D:1      | EnegeticOcto the Djinni Warper began the quest for the Orb.
     0 | D:1      | Reached XP level 1. HP: 18/18 MP: 0/0
   131 | D:1      | Reached XP level 2. HP: 9/23 MP: 0/0
   148 | D:2      | Found an iron altar of Okawaru.
   155 | D:2      | Became a worshipper of Warmaster Okawaru
   182 | D:2      | HP: 1/23 [quokka (5)]
   183 | D:2      | Slain by a quokka

Illustrated notes

Levels and vault maps discovered:
D:1:      wander_arrival_lonely_grave, layout_rooms
D:2:      layout_basic, grunt_temple_overflow_open, okawaru_metal_pillars_3,
          uniq_natasha

Action                   || total
-------------------------++-------
Melee: Unarmed           ||    63
Armor: Leather armour    ||    22
Dodge: Dodged            ||    41

Table legend: (Time is in decaauts)
 A = Elapsed time spent in this place.
 B = Non-inter-level travel time spent in this place.
 C = Inter-level travel time spent in this place.
 D = Time resting spent in this place.
 E = Time spent auto-exploring this place.
 F = Levels seen in this place.
 G = Mean time per level.
                   A        B        C        D        E       F      G
               +--------+--------+--------+--------+--------+-----+--------+
         Total |    180 |    180 |      0 |      0 |      0 |   2 |   90.0 |
       Dungeon |    180 |    180 |      0 |      0 |      0 |   2 |   90.0 |
               +--------+--------+--------+--------+--------+-----+--------+

Top non-repeatable levels by time:
     D:1: 138 daAuts
     D:2: 41 daAuts
